 Dungeon Crawl Stone Soup version 0.31-a0-233-g139696dc86 (webtiles) character file.

Game seed: 15374367488585330202

167 Iich the Chopper (level 5, -28/48 HPs)
             Began as a Hill Orc Fighter on July 9, 2023.
             Engulfed by a cloud of flame (32 damage)
             ... on level 3 of the Dungeon.
             The game lasted 00:03:29 (2112 turns).

Iich the Chopper (Hill Orc Fighter)                 Turns: 2112, Time: 00:03:31

Health: -28/48     AC:  6    Str: 19    XL:     5   Next: 48%
Magic:  5/5        EV:  9    Int:  8    God:
Gold:   152        SH:  4    Dex: 12    Spells: 4/4 levels left

rFire   . . .        a - +0 war axe
rCold   . . .        c - +0 buckler
rNeg    . . .        b - +0 scale mail
rPois   .            (no helmet)
rElec   .            (no cloak)
rCorr   .            (no gloves)
SInv    .            (no boots)
Will    .....        (no amulet) Stlth
                     (no ring)
HPRegen 0.28/turn    (no ring)
MPRegen 0.09/turn

%: no passive effects
@: no status effects
A: no striking features
a: no special abilities


You were on level 3 of the Dungeon.
You visited 1 branch of the dungeon, and saw 3 of its levels.

You collected 152 gold pieces.

Inventory:

Hand Weapons
 a - a +0 war axe (weapon)
Armour
 b - a +0 scale mail (worn)
 c - a +0 buckler (worn)
Jewellery
 f - an amulet of faith
Scrolls
 e - a scroll of immolation
 g - a scroll of poison
 j - a scroll of identify {unknown}
 k - a scroll of enchant weapon {unknown}
 t - a scroll of teleportation
Potions
 d - 2 potions of might
 h - a potion of heal wounds {unknown}
 i - a potion of invisibility {unknown}


   Skills:
 + Level 5.1 Fighting
 * Level 6.1 Axes
 - Level 3.2 Armour
 - Level 3.2 Shields


You had 4 spell levels left.
You didn't know any spells.
Your spell library contained the following spells:

 Spells                   Type           Power      Damage    Failure   Level
 Magic Dart               Conj           0%         1d3       85%         1
 Searing Ray              Conj           0%         2d4       94%         2
 Tukima's Dance           Hex            0%         N/A       99%         3
 Fulminant Prism          Conj/Hex       0%         3d5       100%        4
 Passage of Golubria      Tloc           0%         N/A       100%        4
 Yara's Violent Unravell  Hex/Tmut       0%         3d3       100%        5


Dungeon Overview and Level Annotations

Branches:
Dungeon (3/15)

Altars:
Qazlal
Ru


Message History

You take 3 damage, and have 45/48 hp.
You hit the orc.
The orc is heavily wounded.
The orc hits you with a +0 mace.
You take 5 damage, and have 40/48 hp.
You barely miss the orc.
The orc is heavily wounded.
The orc hits you but does no damage.
You slash the orc!
You kill the orc!
The goblin hits you but does no damage.
You barely miss the goblin. The goblin hits you with a +0 club.
You take 1 damage, and have 39/48 hp.
You hit the goblin.
You kill the goblin!
No target in view!
No target in view!
No target in view!
No target in view!
No target in view!
There is a stone staircase leading down here.
e - 2 scrolls labelled MAZUZUPRAE (gained 1)
Found a stone staircase leading up.
Health restored: 48
There is a stone staircase leading up here.
A ball python comes into view.
The ball python hisses angrily.
As you read the scroll labelled MAZUZUPRAE, it crumbles to dust.
The creatures around you are filled with an inner flame!
It was a scroll of immolation.
A ball python is nearby!
The ball python closely misses you. x2
You hit the ball python.
The ball python explodes!
The fiery explosion engulfs you!!!
Ouch! That really hurt!
* * * LOW HITPOINT WARNING * * *
You are engulfed in blazing flames.
Ouch! That really hurt!
You die...

.[# #. #### ..# #.
#... ..##. #.
#####.## ..... #.
#.....## ..##
#.##########.######
..#
.#####...........<#
..#
#.......#########.#
### ...............
#.# ###
#.....§@######. #.#
... .......§# #.#
##. #.....§§# #.#
........# #.#
........# #.#
........# .#.######
#.


There were no monsters in sight!

Vanquished Creatures
  Jessica (D:2)
  An orc wizard (D:3)
  4 adders
  A gnoll (D:1)
  8 orcs (D:3)
  7 endoplasms
  2 giant cockroaches
  3 goblins
  8 hobgoblins
  2 quokkas (D:1)
  5 ball pythons
  7 bats
  5 frilled lizards
  8 kobolds
  2 rats
64 creatures vanquished.

Notes
Turn   | Place    | Note
-------+----------+-------------------------------------------
     0 | D:1      | Iich the Hill Orc Fighter began the quest for the Orb.
     0 | D:1      | Reached XP level 1. HP: 19/19 MP: 1/1
    23 | D:1      | Reached skill level 3 in Axes
    64 | D:1      | Reached XP level 2. HP: 17/27 MP: 2/2
   352 | D:1      | Reached skill level 4 in Axes
   385 | D:1      | Reached XP level 3. HP: 33/33 MP: 3/3
   877 | D:2      | Reached XP level 4. HP: 37/41 MP: 4/4
  1065 | D:2      | Noticed Jessica
  1072 | D:2      | Reached skill level 5 in Axes
  1073 | D:2      | Killed Jessica
  1565 | D:3      | Found a stormy altar of Qazlal.
  1604 | D:3      | Found a sacrificial altar of Ru.
  1610 | D:3      | Reached XP level 5. HP: 47/47 MP: 5/5
  1674 | D:3      | Reached skill level 5 in Fighting
  1674 | D:3      | Reached skill level 6 in Axes
  2112 | D:3      | Engulfed by a cloud of flame

Illustrated notes

Levels and vault maps discovered:
D:1:      saegor_arrival_simple_c, layout_loops_ring
D:2:      layout_basic, uniq_jessica
D:3:      layout_basic, nicolae_ru_awakened_eye,
          mainiacjoe_overflow_concentric_impassable,
          shapermc_ecumenical_altar_mp_vishouse

Skill      XL: |  1  2  3  4  5 |
---------------+----------------+-----
Axes           | 3 4 5 6 |  6.1
Fighting       | 4 5 |  5.1
Armour         | |  3.2
Shields        | |  3.2

Action                     |  1- 3 |  4- 6 || total
---------------------------+-------+-------++-------
  Melee: War axe           |    79 |    69 ||   148
    Use: Scroll            |       |     3 ||     3
 Armour: Scale mail        |    27 |    47 ||    74
  Dodge: Dodged            |    38 |    36 ||    74
  Block: Buckler           |    14 |    14 ||    28

Table legend: (Time is in decaauts)
 A = Elapsed time spent in this place.
 B = Non-inter-level travel time spent in this place.
 C = Inter-level travel time spent in this place.
 D = Time resting spent in this place.
 E = Time spent auto-exploring this place.
 F = Levels seen in this place.
 G = Mean time per level.
                   A        B        C        D        E       F      G
               +--------+--------+--------+--------+--------+-----+--------+
         Total |   2155 |   2102 |     53 |      0 |   1701 |   3 |  718.3 |
       Dungeon |   2155 |   2102 |     53 |      0 |   1701 |   3 |  718.3 |
               +--------+--------+--------+--------+--------+-----+--------+

Top non-repeatable levels by time:
     D:2: 866 daAuts
     D:1: 725 daAuts
     D:3: 563 daAuts
